| TOP OF THE 1ST |
|
Jacksonville Suns batting - Pitching for San Antonio Missions : RHP Jesus Elizondo
|
|
Pitching: RHP Jesus Elizondo
|
|
|
Batting: LHB Jose Cabello
|
0-0: Fly out, F7 (Flyball, 7S, EV 80.6 MPH)
|
|
Batting: RHB Mike Gar
|
0-0: Foul Ball, location: 2F 0-1: Ground out U3 (Groundball, 3, EV 88.1 MPH)
|
|
Batting: RHB Akira Suzuki
|
0-0: Swinging Strike 0-1: Ground out 4-3 (Groundball, 4M, EV 101.9 MPH)
|
| Top of the 1st over - 0 runs, 0 hits, 0 errors, 0 left on base; Jacksonville 0 - San Antonio 0 |
| BOTTOM OF THE 1ST |
|
San Antonio Missions batting - Pitching for Jacksonville Suns : RHP Nick Newmaster
|
|
Pitching: RHP Nick Newmaster
|
|
|
Now in RF: Jimmy Hannon
|
|
|
Batting: LHB Tsutomu Miyahara
|
0-0: Ball 1-0: Called Strike 1-1: Swinging Strike 1-2: Ball 2-2: Fly out, F3 (Line Drive, 3, EV 68.1 MPH)
|
|
Batting: LHB Javy Portela
|
0-0: Ball 1-0: Reached on error, E3 (Groundball, 34S, EV 68.1 MPH)
|
|
Batting: RHB Rudolf Gommers
|
0-0: Called Strike Javy Portela steals 2nd base 0-1: Ground out 6-3 (Groundball, 6, EV 88.1 MPH)
|
|
Batting: RHB Kyle Davis
|
0-0: Foul Ball, location: 2F 0-1: Ball 1-1: DOUBLE (Line Drive, 9LM, EV 101.3 MPH) Javy Portela scores
|
|
Batting: LHB Luis Cruz
|
0-0: Ball 1-0: Ball 2-0: Called Strike 2-1: Foul Ball, location: 2F 2-2: Ball 3-2: Base on Balls
|
|
Batting: RHB Min-chin Yi
|
0-0: Called Strike 0-1: Ball 1-1: Fielders Choice at 2nd, 6-4 (Groundball, 6, EV 90.0 MPH)
|
| Bottom of the 1st over - 1 run, 1 hit, 1 error, 2 left on base; Jacksonville 0 - San Antonio 1 |
| TOP OF THE 2ND |
|
Jacksonville Suns batting - Pitching for San Antonio Missions : RHP Jesus Elizondo
|
|
Batting: RHB Rick Fell
|
0-0: Ball 1-0: Ball 2-0: Fly out, F9 (Flyball, 9LD, EV 93.8 MPH)
|
|
Batting: LHB Jeff Tavella
|
0-0: Fly out, F7 (Flyball, 78M, EV 88.8 MPH)
|
|
Batting: SHB Yoo-chul Jung
|
0-0: Ball 1-0: Called Strike 1-1: Ball 2-1: Fly out, F3 (Line Drive, 3, EV 71.3 MPH)
|
| Top of the 2nd over - 0 runs, 0 hits, 0 errors, 0 left on base; Jacksonville 0 - San Antonio 1 |
| BOTTOM OF THE 2ND |
|
San Antonio Missions batting - Pitching for Jacksonville Suns : RHP Nick Newmaster
|
|
Batting: SHB Curtis Thompson
|
0-0: Ball 1-0: Swinging Strike 1-1: SINGLE (Groundball, 23, EV 61.9 MPH) (infield hit)
|
|
Batting: LHB Josh Slusarczyk
|
0-0: Called Strike Curtis Thompson steals 2nd base 0-1: Ball 1-1: Ball 2-1: Foul Ball, location: 2F 2-2: Ball 3-2: Strikes out swinging
|
|
Batting: RHB Nate Burkhalter
|
0-0: Ball 1-0: Foul Ball, location: 2F 1-1: Ball 2-1: Ground out 4-3 (Groundball, 4D, EV 91.3 MPH) Curtis Thompson to third
|
|
Batting: LHB Tsutomu Miyahara
|
0-0: Called Strike 0-1: Fly out, F7 (Flyball, 7D, EV 105.0 MPH)
|
| Bottom of the 2nd over - 0 runs, 1 hit, 0 errors, 1 left on base; Jacksonville 0 - San Antonio 1 |
| TOP OF THE 3RD |
|
Jacksonville Suns batting - Pitching for San Antonio Missions : RHP Jesus Elizondo
|
|
Batting: LHB Jimmy Hannon
|
0-0: Ground out 4-3 (Groundball, 4, EV 79.4 MPH)
|
|
Batting: LHB Emilio Cordero
|
0-0: Ground out 4-3 (Groundball, 34, EV 88.8 MPH)
|
|
Batting: RHB Marco Sianez
|
0-0: Swinging Strike 0-1: Fly out, F1 (Line Drive, P, EV 70.0 MPH)
|
| Top of the 3rd over - 0 runs, 0 hits, 0 errors, 0 left on base; Jacksonville 0 - San Antonio 1 |
| BOTTOM OF THE 3RD |
|
San Antonio Missions batting - Pitching for Jacksonville Suns : RHP Nick Newmaster
|
|
Batting: LHB Javy Portela
|
0-0: Ball 1-0: Ball 2-0: Ball 3-0: Called Strike 3-1: Base on Balls
|
|
Batting: RHB Rudolf Gommers
|
0-0: Foul Ball, location: 2F 0-1: Ball 1-1: Ball 2-1: Ball 3-1: Foul Ball, location: 2F 3-2: Fielders Choice at 2nd, 5-4 (Groundball, 5L, EV 93.8 MPH)
|
|
Batting: RHB Kyle Davis
|
0-0: Called Strike 0-1: Ball 1-1: Ball 2-1: Fly out, F5 (Popup, 5F, EV 77.5 MPH)
|
|
Batting: LHB Luis Cruz
|
0-0: Ball Wild Pitch! Rudolf Gommers to second 1-0: Ground out 6-3 (Groundball, 6, EV 86.3 MPH)
|
| Bottom of the 3rd over - 0 runs, 0 hits, 0 errors, 1 left on base; Jacksonville 0 - San Antonio 1 |
| TOP OF THE 4TH |
|
Jacksonville Suns batting - Pitching for San Antonio Missions : RHP Jesus Elizondo
|
|
Batting: LHB Jose Cabello
|
0-0: Called Strike 0-1: Ball 1-1: Foul Ball, location: 2F 1-2: Ball 2-2: Strikes out swinging
|
|
Batting: RHB Mike Gar
|
0-0: Ball 1-0: Swinging Strike 1-1: Hit by Pitch
|
|
Batting: RHB Akira Suzuki
|
0-0: Ball Mike Gar steals 2nd base (no throw) 1-0: Called Strike 1-1: SINGLE (Line Drive, 34D, EV 105.6 MPH) Mike Gar to third Runner from 3rd tries for Home, SAFE, throw by RF to home Akira Suzuki to second
|
|
Batting: RHB Rick Fell
|
0-0: Foul Ball, location: 2F 0-1: Ball 1-1: Ball 2-1: Foul Ball, location: 2F 2-2: Fly out, F3 (Flyball, 3D, EV 87.5 MPH)
|
|
Batting: LHB Jeff Tavella
|
0-0: Ball 1-0: Ball 2-0: Foul Ball, location: 2F 2-1: Swinging Strike 2-2: Fly out, F9 (Flyball, 9D, EV 98.8 MPH)
|
| Top of the 4th over - 1 run, 1 hit, 0 errors, 1 left on base; Jacksonville 1 - San Antonio 1 |
| BOTTOM OF THE 4TH |
|
San Antonio Missions batting - Pitching for Jacksonville Suns : RHP Nick Newmaster
|
|
Batting: RHB Min-chin Yi
|
0-0: Foul Ball, location: 2F 0-1: SOLO HOME RUN (Flyball, 89XD, EV 101.3 MPH), Distance : 409 ft
|
|
Batting: SHB Curtis Thompson
|
0-0: Ball 1-0: Ball 2-0: Called Strike 2-1: Ground out U3 (Groundball, 34S, EV 83.1 MPH)
|
|
Batting: LHB Josh Slusarczyk
|
0-0: Swinging Strike 0-1: Ball 1-1: Foul Ball, location: 2F 1-2: SINGLE (Groundball, 4S, EV 70.6 MPH) (infield hit)
|
|
Batting: RHB Nate Burkhalter
|
0-0: Called Strike 0-1: Swinging Strike 0-2: Foul Ball, location: 2F 0-2: Ball 1-2: Foul Ball, location: 2F 1-2: Ball 2-2: Foul Ball, location: 2F 2-2: Foul Ball, location: 2F 2-2: Fly out, F9 (Flyball, 89M, EV 83.8 MPH)
|
|
Batting: LHB Tsutomu Miyahara
|
0-0: Called Strike 0-1: Ball 1-1: Ground out 4-3 (Groundball, 4, EV 83.8 MPH)
|
| Bottom of the 4th over - 1 run, 2 hits, 0 errors, 1 left on base; Jacksonville 1 - San Antonio 2 |
| TOP OF THE 5TH |
|
Jacksonville Suns batting - Pitching for San Antonio Missions : RHP Jesus Elizondo
|
|
Batting: SHB Yoo-chul Jung
|
0-0: Ball 1-0: Foul Ball, location: 2F 1-1: Swinging Strike 1-2: Ball 2-2: Ball 3-2: Foul Ball, location: 2F 3-2: Foul Ball, location: 2F 3-2: Ground out 4-3 (Groundball, 4, EV 98.8 MPH)
|
|
Batting: LHB Jimmy Hannon
|
0-0: Ball 1-0: Ball 2-0: Ball 3-0: Called Strike 3-1: Swinging Strike 3-2: Fly out, F9 (Flyball, 89D, EV 109.4 MPH)
|
|
Batting: LHB Emilio Cordero
|
0-0: Ball 1-0: Ground out 4-3 (Groundball, 34, EV 106.9 MPH)
|
| Top of the 5th over - 0 runs, 0 hits, 0 errors, 0 left on base; Jacksonville 1 - San Antonio 2 |
| BOTTOM OF THE 5TH |
|
San Antonio Missions batting - Pitching for Jacksonville Suns : RHP Nick Newmaster
|
|
Batting: LHB Javy Portela
|
0-0: Called Strike 0-1: Foul Ball, location: 2F 0-2: Ball 1-2: Foul Ball, location: 2F 1-2: Ground out 6-3 (Groundball, 6, EV 86.9 MPH)
|
|
Batting: RHB Rudolf Gommers
|
0-0: Ball 1-0: Called Strike 1-1: Ball 2-1: Ball 3-1: Foul Ball, location: 2F 3-2: Foul Ball, location: 2F 3-2: Strikes out looking
|
|
Batting: RHB Kyle Davis
|
0-0: Ball 1-0: Called Strike 1-1: Foul Ball, location: 2F 1-2: Strikes out swinging
|
| Bottom of the 5th over - 0 runs, 0 hits, 0 errors, 0 left on base; Jacksonville 1 - San Antonio 2 |
| TOP OF THE 6TH |
|
Jacksonville Suns batting - Pitching for San Antonio Missions : RHP Jesus Elizondo
|
|
Batting: RHB Marco Sianez
|
0-0: Ball 1-0: Called Strike 1-1: Foul Ball, location: 2F 1-2: Ball 2-2: Ball 3-2: Foul Ball, location: 2F 3-2: Base on Balls
|
|
Batting: LHB Jose Cabello
|
0-0: Called Strike 0-1: Fielders Choice at 2nd, 3-6 (Groundball, 34S, EV 90.0 MPH)
|
|
Batting: RHB Mike Gar
|
0-0: Called Strike 0-1: Called Strike 0-2: Ball 1-2: Ball 2-2: Ball 3-2: Strikes out swinging
|
|
Batting: RHB Akira Suzuki
|
0-0: SINGLE (Groundball, 34D, EV 98.1 MPH) Jose Cabello to second Runner from 2nd tries for 3rd, SAFE, throw by RF made to third
|
|
Batting: RHB Rick Fell
|
0-0: Swinging Strike 0-1: Ground out 4-3 (Groundball, 4, EV 82.5 MPH)
|
| Top of the 6th over - 0 runs, 1 hit, 0 errors, 2 left on base; Jacksonville 1 - San Antonio 2 |
| BOTTOM OF THE 6TH |
|
San Antonio Missions batting - Pitching for Jacksonville Suns : RHP Nick Newmaster
|
|
Pitching: RHP Tim Sherrill
|
|
|
Batting: LHB Luis Cruz
|
0-0: Ground out 6-3 (Groundball, 6M, EV 100.6 MPH)
|
|
Batting: RHB Min-chin Yi
|
0-0: Called Strike 0-1: Foul Ball, location: 2F 0-2: Ball 1-2: Foul Ball, location: 2F 1-2: Foul Ball, location: 2F 1-2: SOLO HOME RUN (Line Drive, 9D, EV 98.1 MPH), Distance : 391 ft
|
|
Batting: SHB Curtis Thompson
|
0-0: Ground out 5-3 (Groundball, 56, EV 95.0 MPH)
|
|
Batting: LHB Josh Slusarczyk
|
0-0: Ball 1-0: Ball 2-0: Called Strike 2-1: Ball 3-1: Foul Ball, location: 2F 3-2: Base on Balls
|
|
Batting: RHB Nate Burkhalter
|
0-0: Called Strike Josh Slusarczyk steals 2nd base 0-1: Ball 1-1: Ground out U3 (Groundball, 34, EV 83.1 MPH)
|
| Bottom of the 6th over - 1 run, 1 hit, 0 errors, 1 left on base; Jacksonville 1 - San Antonio 3 |
| TOP OF THE 7TH |
|
Jacksonville Suns batting - Pitching for San Antonio Missions : RHP Jesus Elizondo
|
|
Batting: LHB Jeff Tavella
|
0-0: Called Strike 0-1: Ground out 4-3 (Groundball, 4, EV 84.4 MPH)
|
|
Batting: SHB Yoo-chul Jung
|
0-0: Ground out U3 (Groundball, 34S, EV 85.6 MPH)
|
|
Batting: LHB Jimmy Hannon
|
0-0: Called Strike 0-1: Foul Ball, location: 2F 0-2: Ball 1-2: SINGLE (Groundball, 56D, EV 101.3 MPH)
|
|
Batting: LHB Emilio Cordero
|
0-0: Foul Ball, location: 2F 0-1: Swinging Strike 0-2: Ball 1-2: Strikes out swinging
|
| Top of the 7th over - 0 runs, 1 hit, 0 errors, 1 left on base; Jacksonville 1 - San Antonio 3 |
| BOTTOM OF THE 7TH |
|
San Antonio Missions batting - Pitching for Jacksonville Suns : RHP Tim Sherrill
|
|
Pitching: LHP Will Devitt
|
|
|
Batting: LHB Tsutomu Miyahara
|
0-0: Called Strike 0-1: Ball 1-1: DOUBLE (Flyball, 8RXD, EV 111.9 MPH)
|
|
Batting: LHB Javy Portela
|
0-0: Ball 1-0: Ball 2-0: Ball 3-0: Called Strike 3-1: Swinging Strike 3-2: Strikes out swinging
|
|
Batting: RHB Rudolf Gommers
|
0-0: Intentional Walk
|
|
Batting: RHB Kyle Davis
|
0-0: Called Strike 0-1: Ball 1-1: Foul Ball, location: 2F 1-2: Foul Ball, location: 2F 1-2: Foul Ball, location: 2F 1-2: Strikes out swinging
|
|
Batting: LHB Luis Cruz
|
0-0: Called Strike 0-1: Ball 1-1: SINGLE (Groundball, 56D, EV 110.6 MPH) Tsutomu Miyahara to third Rudolf Gommers to second Runner from 3rd tries for Home, SAFE, throw by LF to home
|
|
Batting: RHB Min-chin Yi
|
0-0: Ball 1-0: Ball 2-0: Foul Ball, location: 2F 2-1: Ball 3-1: Foul Ball, location: 2F 3-2: Base on Balls Rudolf Gommers to third Luis Cruz to second
|
|
Batting: SHB Curtis Thompson
|
0-0: Foul Ball, location: 2F 0-1: Fly out, F8 (Line Drive, 8RD, EV 98.1 MPH)
|
| Bottom of the 7th over - 1 run, 2 hits, 0 errors, 3 left on base; Jacksonville 1 - San Antonio 4 |
| TOP OF THE 8TH |
|
Jacksonville Suns batting - Pitching for San Antonio Missions : RHP Jesus Elizondo
|
|
Batting: RHB Marco Sianez
|
0-0: Ball 1-0: Foul Ball, location: 2F 1-1: Ball 2-1: Foul Ball, location: 2F 2-2: Strikes out swinging
|
|
Batting: LHB Jose Cabello
|
0-0: Called Strike 0-1: Ball 1-1: Ball 2-1: Fly out, F8 (Flyball, 8LS, EV 86.9 MPH)
|
|
Batting: RHB Mike Gar
|
0-0: Foul Ball, location: 2F 0-1: Ball 1-1: Swinging Strike 1-2: Ball 2-2: Ground out 6-3 (Groundball, 6, EV 101.9 MPH)
|
| Top of the 8th over - 0 runs, 0 hits, 0 errors, 0 left on base; Jacksonville 1 - San Antonio 4 |
| BOTTOM OF THE 8TH |
|
San Antonio Missions batting - Pitching for Jacksonville Suns : LHP Will Devitt
|
|
Pitching: RHP Stefan Snel
|
|
|
Batting: LHB Josh Slusarczyk
|
0-0: Called Strike 0-1: Foul Ball, location: 2F 0-2: Ball 1-2: Ball 2-2: Ground out U3 (Groundball, 34, EV 86.9 MPH)
|
|
Batting: RHB Nate Burkhalter
|
0-0: Swinging Strike 0-1: Foul Ball, location: 2F 0-2: Ball 1-2: Ball 2-2: Ball 3-2: Foul Ball, location: 2F 3-2: Base on Balls
|
|
Batting: LHB Tsutomu Miyahara
|
0-0: Ball Nate Burkhalter steals 2nd base 1-0: Ball 2-0: Called Strike 2-1: Ground out U3 (Groundball, 3, EV 101.9 MPH) Nate Burkhalter to third
|
|
Batting: LHB Javy Portela
|
0-0: Called Strike 0-1: Ball 1-1: Swinging Strike 1-2: Foul Ball, location: 2F 1-2: Strikes out swinging
|
| Bottom of the 8th over - 0 runs, 0 hits, 0 errors, 1 left on base; Jacksonville 1 - San Antonio 4 |
| TOP OF THE 9TH |
|
Jacksonville Suns batting - Pitching for San Antonio Missions : RHP Jesus Elizondo
|
|
Batting: RHB Akira Suzuki
|
0-0: Foul Ball, location: 2F 0-1: SINGLE (Groundball, 56S, EV 66.3 MPH) (infield hit)
|
|
Pitching: RHP David Deon
|
|
|
Batting: RHB Rick Fell
|
0-0: Ball 1-0: Ball 2-0: Ball 3-0: Called Strike 3-1: Called Strike 3-2: Foul Ball, location: 2F 3-2: Strikes out looking
|
|
Batting: LHB Jeff Tavella
|
0-0: Ball 1-0: Called Strike 1-1: Fly out, F8 (Flyball, 78M, EV 71.3 MPH)
|
|
Batting: SHB Yoo-chul Jung
|
0-0: Called Strike 0-1: Ball 1-1: Ball 2-1: Swinging Strike 2-2: Foul Ball, location: 2F 2-2: Ground out 4-3 (Groundball, 4S, EV 67.5 MPH)
|
| Top of the 9th over - 0 runs, 1 hit, 0 errors, 1 left on base; Jacksonville 1 - San Antonio 4 |
|